Match 46659889
Unlisted

Match 46659889
End
Vickers Machine Gun Team
Construct Section Command Post
Selects Heavy Armor Battlegroup
Infantry Section
Dingo Light Scout Car
Infantry Section
Grenade Package
Construct Platoon Command Post
Selects Rigorous Vehicle Training
Unlock M3 Stuart Light Tanks
Selects Light Vehicle Withdraw and Refit
M3 Stuart Light Tank
6-pounder Anti-tank Gun Team
Construct Field Infirmary
M3 Stuart Light Tank
M3 Stuart Light Tank
Selects Radio Net
M3 Stuart Light Tank
Radio Net
M3 Stuart Light Tank
M3 Stuart Light Tank
M3 Stuart Light Tank
Radio Net
M3 Stuart Light Tank
Selects Designate Targets
M3 Stuart Light Tank
Radio Net
M3 Stuart Light Tank
M3 Stuart Light Tank
M3 Stuart Light Tank
Radio Net
oso_8abril
Liberator4515
0
0

Comments sign in to comment!

No comments posted yet!